 Dungeon Crawl Stone Soup version 0.26.1-11-gd32895ea62 (webtiles) character file.

Game seed: 10775511825108768437

438 RepoMan the Insei (level 7, 0/45 HPs)
             Began as an Octopode Transmuter on July 20, 2021.
             Slain by a jelly (3 damage)
             ... on level 3 of the Dungeon.
             The game lasted 00:25:55 (4511 turns).

RepoMan the Insei (Octopode Transmuter)             Turns: 4511, Time: 00:25:55

Health: 0/45       AC:  3    Str: 10    XL:     7   Next: 1%
Magic:  11/11      EV: 14    Int: 15    God:
Gold:   402        SH:  0    Dex: 14    Spells: 6/12 levels left

rFire    + . .     SeeInvis .     - Unarmed
rCold    . . .     Faith    .   (no shield)
rNeg     . . .     Spirit   .   u - +2 hat
rPois    .         Reflect  .   o - amulet of magic regeneration
rElec    .         Harm     .   l - ring of protection from fire
rCorr    .         Rampage  .   (no ring)
Will     .....                  (no ring)
Stlth    ++........             (no ring)
HPRegen  0.15/turn              (no ring)
MPRegen  0.37/turn              (no ring)
                                (no ring)
                                (no ring)

@: no status effects
A: almost no armour, stealthy swim, amphibious, 8 rings, constrict 8, camouflage
1, gelatinous body 1
a: no special abilities


You were on level 3 of the Dungeon.
You visited 1 branch of the dungeon, and saw 5 of its levels.

You collected 402 gold pieces.

Inventory:

Missiles
 r - 6 atropa-tipped darts (quivered)
Armour
 u - a +2 hat (worn)
Jewellery
 l - a ring of protection from fire (left tentacle)
 o - an amulet of magic regeneration (around mantle)
Wands
 p - a wand of disintegration (6)
 s - a wand of acid (6)
 v - a wand of flame (19)
Scrolls
 b - 4 scrolls of remove curse {unknown}
 c - 3 scrolls of fear {unknown}
 d - a scroll of random uselessness {unknown}
 e - a scroll of amnesia {unknown}
 g - 3 scrolls of magic mapping {unknown}
 h - a scroll of blinking {unknown}
 i - a scroll of identify
 j - 2 scrolls of fog {unknown}
 k - a scroll of noise {unknown}
 n - 3 scrolls of teleportation {unknown}
 q - a scroll of immolation {unknown}
Potions
 a - a potion of ambrosia
 f - a potion of mutation
 m - a potion of flight
 t - 2 potions of magic
 w - a potion of resistance


   Skills:
 + Level 2.6 Fighting
 + Level 2.8 Dodging
 * Level 4.8 Unarmed Combat
 + Level 3.0 Spellcasting
 * Level 4.1 Transmutations
 + Level 1.3 Evocations


You had 6 spell levels left.
You knew the following spells:

 Your Spells              Type           Power        Failure   Level
a - Beastly Appendage     Tmut           28%          3%          1
b - Wereblood             Tmut           14%          5%          2
s - Spider Form           Tmut/Pois      4%           26%         3

Your spell library contained the following spells:

 Spells                   Type           Power        Failure   Level
 Ice Form                 Ice/Tmut       8%           63%         4
 Blade Hands              Tmut           7%           69%         5


Dungeon Overview and Level Annotations

Branches:
Dungeon (5/15)
 Temple: D:4-7

Altars:
Elyvilon
Fedhas
Sif Muna


Innate Abilities, Weirdness & Mutations

You cannot wear most types of armour.
You are very stealthy in the water. (Stealth+)
You are amphibious.
You can wear up to eight rings at the same time.
You can use your tentacles to constrict eight enemies at once.
Your skin changes colour to match your surroundings (Stealth+).
Your rubbery body absorbs attacks. (AC +1, EV +1)


Message History

The white imp barely misses you. The white imp gestures at you.
The puff of frost hits you!
* * * LOW HITPOINT WARNING * * *
Unknown command.
There is a stone staircase leading up here.
The jelly hits you but does no damage.
You climb upwards.
There is a stone staircase leading down here.
Okay, then.
The jelly hits you.
* * * LOW HITPOINT WARNING * * *
You are splashed with acid!
* * * LOW HITPOINT WARNING * * *
Okay, then.
Okay, then.
Unknown command.
Unknown command.
It was a potion of magic.
Magic courses through your body. The jelly hits you.
You die...

....## ##.# #####..# ###### #.
.....#####.#####.# ##.# #.
.........#(#.....# #.# #.
(...####.....##### #.## #. ....#
##.#..# #..## #. ....# #[...#
##..########. ...######....####
##.......##. ....##....##....###
#######.##.
....#.<#####.##.@J###########)...
....#.## #.####........(.(.##..
......### #.# #####...>....##..
........# #.## #........###.
........# #..#######........# #.
..#.....####.................# #.
..............#######.......)# ##
###.....#####...# #........# #
#.....# ###.# #........#


You could see a jelly.

Vanquished Creatures
  An ogre (D:4)
  2 hounds
  An orc wizard (D:3)
  A bullfrog skeleton (D:4)
  3 worker ants
  6 adders
  A shadow imp (D:5)
  A white imp (D:5)
  An ooze (D:1)
  3 adder skeletons
  4 worms
  3 dart slugs
  A leopard gecko (D:4)
  4 orcs
  2 giant cockroaches
  9 goblins
  8 hobgoblins
  2 jackals (D:4)
  3 kobolds
  A quokka (D:3)
  3 ball pythons
  9 bats
  8 frilled lizards
  A quokka skeleton (D:4)
  6 rats
84 creatures vanquished.

Vanquished Creatures (others)
  3 fungi (D:1)
  3 toadstools (D:1)
6 creatures vanquished.

Grand Total: 90 creatures vanquished

Notes
Turn   | Place    | Note
-------+----------+-------------------------------------------
     0 | D:1      | RepoMan the Octopode Transmuter began the quest for the
                  | Orb.
     0 | D:1      | Reached XP level 1. HP: 13/13 MP: 3/3
   207 | D:1      | Reached XP level 2. HP: 8/18 MP: 5/5
   721 | D:1      | Reached XP level 3. HP: 19/23 MP: 4/6
   914 | D:1      | Learned a level 2 spell: Wereblood
   918 | D:1      | Learned a level 3 spell: Spider Form
  1349 | D:2      | Reached XP level 4. HP: 22/28 MP: 5/7
  2773 | D:3      | Reached XP level 5. HP: 34/34 MP: 8/8
  3186 | D:4      | Found a white marble altar of Elyvilon.
  3270 | D:4      | Noticed an ogre
  3278 | D:4      | Killed an ogre
  3279 | D:4      | Reached XP level 6. HP: 19/40 MP: 10/10
  3610 | D:4      | Reached skill level 1 in Evocations
  4020 | D:4      | Found a blossoming altar of Fedhas.
  4105 | D:4      | Found a shimmering blue altar of Sif Muna.
  4141 | D:5      | Entered Level 5 of the Dungeon
  4190 | D:5      | Reached XP level 7. HP: 7/45 MP: 11/11
  4511 | D:3      | Slain by a jelly

Illustrated notes

Levels and vault maps discovered:
D:1:      dpeg_arrival_tiny_b, layout_basic, hangedman_decor_slide_cut,
          minmay_gold_behind_fungi
D:2:      layout_basic, st_stairs_13
D:3:      layout_rooms, minmay_randomly_rotated_circles
D:4:      layout_rooms, kennysheep_mini, elyvilon_altar_4, lemuel_blue_sif_altar
D:5:      wad_crossroads, layout_basic, yredelemnul_forgotten_temple_becter,
          uniq_sigmund, uniq_pikel, uniq_duvessa

Skill      XL: |  1  2  3  4  5  6 |
---------------+-------------------+-----
Transmutations | 3 4 |  4.1
Unarmed Combat | 4 |  4.8
Fighting       | 2 |  2.6
Evocations     | 1 |  1.3
Spellcasting   | 3 |  3.0
Dodging        | |  2.8

Action                   |  1- 3 |  4- 6 |  7- 9 || total
-------------------------+-------+-------+-------++-------
Melee: Unarmed           |    83 |   117 |     1 ||   201
       Constrict         |    24 |    33 |       ||    57
       Tentacles         |    13 |    19 |       ||    32
       Kick              |    14 |    25 |       ||    39
       Punch             |     2 |     3 |       ||     5
Throw: Throwing net      |       |     2 |       ||     2
 Cast: Beastly Appendage |    20 |    22 |       ||    42
       Wereblood         |       |     2 |       ||     2
Evoke: Wand              |       |     7 |     4 ||    11
  Use: Scroll            |       |     3 |     1 ||     4
       Potion            |       |       |     1 ||     1
 Stab: Sleeping          |     3 |     3 |     1 ||     7
Armor: Skin              |     9 |    11 |     1 ||    21
Dodge: Dodged            |    41 |    60 |     4 ||   105
